Map: Submarine LE

Players

Trap - Winner!

  • Race: Protoss Protoss
  • Spawn Location: 11:00

Reynor

  • Race: Zerg Zerg
  • Spawn Location: 5:00

Event: DreamHack SC2 Masters 2020 Summer Season Finals

VOD

Have the link to the VOD?

Description

Time

  • Played on: July 19, 2020, 9:35 a.m.
  • Length: 12:57

All games in this series

Show
View Real Time Build Order
Export as new Build Order

Trap Protoss - Winner!

Build Orders: 1 Gate Expand, Mass Adepts 

Get SALT Encoding   

  12  0:00  Probe  
  13  0:14  Probe  
  13  0:15  Pylon  
  14  0:22  Probe  
  15  0:31  Probe  
  16  0:41  Gateway  
  16  0:43  Probe  
  16  0:49  Assimilator  
  17  0:55  Probe  
  18  1:07  Probe  
  19  1:20  Probe  
  20  1:28  Cybernetics Core  
  20  1:35  Nexus  
  20  1:42  Pylon  
  20  1:44  Probe  
  21  1:50  Assimilator  
  21  1:55  Adept, Warp Gate  
  21  1:56  Probe  
  24  2:08  Probe  
  24  2:15  Adept  
  25  2:20  Probe  
  28  2:33  Probe  
  29  2:40  Gateway x2  
  29  2:46  Stalker  
  29  2:51  Probe  
  32  2:52  Probe  
  33  3:04  Twilight Council, Probe  
  34  3:08  Probe  
  35  3:15  Resonating Glaives  
  35  3:19  Probe  
  36  3:21  Probe  
  36  3:24  Pylon  
  37  3:31  Probe  
  37  3:33  Probe  
  39  3:43  Adept  
  39  3:44  Adept x2  
  39  3:46  Probe x2  
  47  3:52  Robotics Facility  
  47  4:02  Pylon  
  47  4:05  Adept x2  
  47  4:06  Adept  
  47  4:09  Probe  
  54  4:17  Pylon  
  54  4:19  Shield Battery, Pylon  
  54  4:35  Probe x2  
  54  4:38  Adept x3  
  62  4:40  Warp Prism  
  64  4:48  Robotics Bay  
  64  4:50  Assimilator  
  64  4:58  Adept  
  64  4:59  Adept x2  
  64  5:01  Probe x2  
  66  5:07  Pylon  
  66  5:10  Assimilator  
  66  5:20  Adept x3  
  66  5:26  Disruptor  
  66  5:27  Gravitic Drive  
  64  5:32  Probe x2  
  61  5:43  Adept x2  
  61  5:44  Adept  
  63  5:52  Probe  
  63  5:53  Probe  
  63  5:56  Disruptor  
  66  6:05  Probe  
  66  6:07  Adept x3  
  73  6:15  Nexus  
  73  6:18  Pylon  
  73  6:28  Observer  
  73  6:29  Adept x2  
  78  6:36  Adept  
  78  6:37  Shield Battery  
  80  6:47  Immortal  
  80  6:50  Sentry  
  80  6:51  Pylon  
  86  6:55  Gateway  
  86  7:08  Colossus  
  82  7:12  Sentry  
  82  7:13  Sentry  
  82  7:14  Sentry  
  84  7:17  Gateway  
  84  7:18  Gateway, Probe x2  
  84  7:20  Gateway  
  86  7:27  Observer  
  86  7:29  Probe  
  93  7:30  Probe x2  
  92  7:41  Probe  
  92  7:42  Probe x2  
  95  7:44  Adept x3  
  95  7:49  Colossus  
  101  7:52  Adept, Pylon  
  101  7:53  Pylon  
  102  8:15  Zealot  
  102  8:16  Stalker  
  102  8:17  Stalker x3  
  112  8:22  Adept x2  
  112  8:24  Blink  
  112  8:25  Probe x2  
  112  8:26  Probe  
  122  8:47  Stalker x3, Pylon x2  
  125  8:53  Colossus  
  125  9:02  Assimilator  
  125  9:03  Assimilator  
  125  9:05  Extended Thermal Lance  
  125  9:06  Probe x2  
  125  9:07  Probe  
  133  9:20  Forge  
  133  9:34  Colossus  
  133  9:37  Shield Battery  
  133  9:38  Pylon  
  133  9:39  Pylon  
  133  9:48  Stalker  
  141  9:58  Photon Cannon  
  141  9:59  Stalker x4  
  149  10:00  Stalker x2  
  153  10:08  Pylon  
  153  10:09  Pylon  
  153  10:25  Observer  
  153  10:27  Stalker x6  
  153  10:28  Stalker  
  168  10:51  Sentry x2  
  168  10:53  Sentry  
  168  10:57  Pylon  
  172  10:59  Pylon  
  150  11:11  Stalker  
  150  11:12  Stalker x3  
  150  11:14  Stalker x2  
  149  11:20  Stalker  
  111  11:34  Gateway, Colossus  
  111  11:35  Stalker x3  
  111  11:36  Stalker  
  111  11:37  Gateway, Stalker  
  111  11:39  Stalker  
  125  11:56  Sentry  
  125  11:57  Sentry x2, Zealot  
  125  11:59  Stalker  
  135  12:10  Sentry, Stalker  
  139  12:21  Stalker x4  
  147  12:23  Nexus  
  147  12:25  Stalker, Pylon  
  143  12:39  Stalker x4  
Show
View Real Time Build Order
Export as new Build Order

Reynor Zerg 

Build Orders: Hatch First 

Get SALT Encoding   

  12  0:00  Drone  
  13  0:12  Overlord  
  13  0:16  Drone  
  14  0:31  Drone x2  
  16  0:45  Drone  
  17  0:53  Hatchery  
  17  0:56  Drone  
  17  0:59  Drone  
  18  1:09  Extractor  
  17  1:14  Spawning Pool  
  17  1:16  Drone  
  17  1:20  Drone  
  18  1:28  Drone  
  19  1:39  Drone  
  20  1:49  Overlord  
  20  2:01  Zergling x2  
  20  2:05  Drone, Queen x2  
  26  2:11  Drone  
  27  2:17  Drone  
  27  2:20  Metabolic Boost  
  28  2:24  Zergling x2  
  29  2:30  Zergling x2  
  29  2:36  Hatchery  
  29  2:39  Drone  
  29  2:40  Drone  
  31  2:45  Overlord  
  31  2:50  Drone  
  31  2:53  Queen  
  31  2:56  Drone  
  34  2:59  Drone  
  35  3:06  Overlord  
  35  3:11  Zergling x2  
  36  3:17  Spore Crawler  
  36  3:19  Zergling x4  
  35  3:20  Drone  
  35  3:21  Spore Crawler  
  35  3:23  Drone  
  36  3:27  Drone  
  36  3:32  Drone  
  38  3:35  Queen  
  38  3:36  Drone  
  41  3:42  Drone  
  41  3:44  Drone  
  41  3:47  Drone  
  45  3:55  Zergling x4  
  45  3:59  Zergling x2  
  45  4:04  Zergling x4  
  45  4:05  Zergling x4  
  45  4:06  Zergling x6  
  45  4:09  Zergling x4  
  54  4:16  Overlord  
  54  4:18  Zergling x2  
  54  4:21  Drone  
  54  4:23  Queen  
  58  4:30  Overlord  
  58  4:32  Drone, Spore Crawler  
  58  4:38  Zergling x4  
  60  4:39  Drone x4  
  60  4:41  Drone x2  
  60  4:44  Spore Crawler  
  60  4:45  Spore Crawler  
  64  4:49  Drone x2  
  64  4:52  Drone  
  62  4:53  Zergling x2  
  62  4:55  Drone  
  57  5:03  Zergling x6  
  57  5:04  Zergling x2  
  60  5:08  Zergling x6  
  60  5:11  Zergling x2  
  66  5:15  Zergling x2  
  66  5:21  Zergling x4  
  60  5:27  Zergling x2  
  53  5:30  Zergling x8  
  53  5:33  Drone x2  
  55  5:37  Drone x3  
  55  5:42  Drone  
  57  5:43  Drone  
  57  5:46  Drone  
  56  5:53  Queen, Zergling x2  
  58  5:58  Zergling x4  
  58  6:02  Zergling x6  
  63  6:04  Zergling x2  
  63  6:06  Zergling x2  
  63  6:08  Zergling x4  
  63  6:09  Zergling x2  
  67  6:14  Overlord  
  67  6:16  Zergling x2  
  68  6:20  Zergling x4  
  68  6:25  Roach Warren, Queen  
  72  6:27  Zergling x2  
  72  6:31  Zergling x2  
  72  6:32  Zergling x2  
  74  6:36  Zergling x4  
  74  6:38  Zergling x2  
  74  6:39  Zergling x2  
  78  6:40  Zergling x4  
  80  6:47  Zergling x2  
  80  6:53  Overlord  
  81  6:55  Overlord  
  81  7:05  Drone x4  
  81  7:06  Drone  
  81  7:07  Drone  
  77  7:12  Drone x2  
  77  7:14  Evolution Chamber  
  74  7:17  Drone  
  74  7:20  Roach  
  74  7:21  Roach x2  
  74  7:22  Drone  
  82  7:23  Lair  
  82  7:24  Drone  
  83  7:30  Roach  
  83  7:33  Extractor x2  
  83  7:35  Drone x2  
  85  7:39  Drone  
  86  7:44  Drone  
  86  7:45  Overlord, Extractor  
  86  7:49  Drone x6  
  92  7:52  Drone  
  92  7:54  Overlord  
  92  7:57  Drone  
  94  8:01  Drone, Extractor  
  94  8:04  Drone x2, Overlord  
  92  8:09  Drone x2  
  85  8:13  Extractor  
  85  8:14  Roach  
  85  8:17  Roach x3  
  85  8:19  Roach, Spine Crawler  
  98  8:20  Roach x2, Zergling x2  
  98  8:25  Zergling x4  
  100  8:27  Queen  
  100  8:30  Ravager  
  100  8:32  Roach, Zergling x2  
  100  8:33  Zergling x4  
  108  8:38  Ravager, Zergling x4  
  107  8:45  Zergling x8  
  107  8:47  Ravager, Overlord  
  112  8:49  Overlord  
  112  8:53  Overlord  
  112  9:00  Glial Reconstitution, Overlord  
  110  9:05  Zerg Melee Weapons Level 1  
  110  9:08  Ravager  
  110  9:09  Drone x7  
  118  9:11  Drone x3  
  121  9:23  Roach x3  
  127  9:27  Drone x3  
  127  9:29  Overlord  
  127  9:31  Baneling Nest  
  129  9:36  Overseer  
  129  9:43  Overlord  
  129  9:45  Ravager  
  130  9:48  Hatchery  
  130  9:50  Roach, Zergling x12  
  132  9:53  Ravager x2  
  132  9:59  Zergling x2  
  137  10:00  Zergling x4  
  137  10:02  Overlord  
  137  10:03  Zergling x4  
  137  10:04  Zergling x8  
  143  10:09  Drone  
  143  10:11  Drone  
  143  10:13  Centrifical Hooks  
  145  10:16  Evolution Chamber, Ravager  
  145  10:18  Overlord  
  145  10:23  Drone x5  
  145  10:27  Baneling x12  
  150  10:30  Roach x2  
  150  10:31  Overlord  
  153  10:39  Zergling x8  
  153  10:40  Zergling x4  
  155  10:47  Baneling x18  
  155  10:49  Roach x2  
  156  10:53  Zergling x12  
  156  10:54  Ravager  
  156  10:55  Zergling x2  
  162  11:00  Roach, Zergling x6  
  165  11:10  Zergling x8  
  151  11:11  Roach, Queen  
  151  11:17  Zergling x6  
  147  11:24  Roach x2, Zergling x4  
  132  11:28  Roach x2  
  132  11:29  Queen x2  
  131  11:34  Roach x2  
  131  11:36  Zergling x2  
  131  11:37  Baneling x4  
  130  11:42  Ravager  
  130  11:45  Baneling x10  
  130  11:46  Roach x3  
  137  11:49  Roach, Zergling x2  
  137  11:53  Zergling x6  
  140  11:56  Zergling x2  
  140  11:57  Ravager x6  
  140  11:58  Zergling x2  
  142  12:03  Zergling x2  
  142  12:04  Zergling x2  
  142  12:05  Zergling x2  
  138  12:10  Baneling x4  
  138  12:13  Hatchery  
  135  12:15  Zergling x2  
  135  12:16  Zergling x4  
  135  12:20  Roach x2, Zergling x4  
  135  12:21  Zergling x2  
  139  12:23  Ravager x3  
  142  12:31  Zergling x4  
  126  12:39  Zergling x4  
  105  12:46  Ravager x2  
Tags
 
Add a new tag
Caveats
  • Supply blocks, unpowered buildings, or Contaminate may cause inaccurate times.
  • Supply counts are checked every 10 seconds.